 Dungeon Sprint DCSS version 0.19.1-1-g22dce08 (webtiles) character file.

625 Slime the Destroyer (level 7, -3/32 HPs)
             Began as a Vine Stalker Conjurer on Jan 2, 2017.
             Was a Follower of Sif Muna.
             Slain by Sonja
             ... wielding a +0 short sword of distortion
              (16 damage)
             ... in the Dungeon (Sprint I: "Red Sonja").
             The game lasted 00:04:23 (651 turns).

Slime the Destroyer (Vine Stalker Conjurer)          Turns: 651, Time: 00:04:25

Health: -3/32      AC:  2    Str: 10    XL:     7   Next: 47%
Magic:  0/20       EV: 12    Int: 17    God:    Sif Muna [*.....]
Gold:   105        SH:  0    Dex: 15    Spells: 4 memorised, 13 levels left

rFire  . . .     SeeInvis .     (no weapon)
rCold  . . .     Gourm    .     a - +0 robe
rNeg   . . .     Faith    .     (no shield)
rPois  .         Spirit   +     (no helmet)
rElec  .         Reflect  .     (no cloak)
rCorr  .         Harm     .     (no gloves)
MR     .....     NoTele   +     (no boots)
Stlth  ++........               l - amulet of magic regeneration
                                (no ring)
                                (no ring)

@: lethally poisoned (-3 -> -4), slowed, very slow
A: fangs 2, regeneration 1, magic shield, antimagic bite, no device heal 3, rot
immunity
a: Divine Energy, Renounce Religion


You were in the Dungeon.
You worshipped Sif Muna.
Sif Muna was aware of your devotion.
You were not hungry.

You visited 1 branch You collected 405 gold pieces.
You spent 300 gold pieces at shops.

Inventory:

Armour
 a - a +0 robe (worn)
Jewellery
 l - an amulet of magic regeneration (around neck)
Wands
 k - a wand of acid (5/15)
Scrolls
 i - a scroll of blinking
Potions
 d - a potion of curing
 e - a potion of heal wounds
 f - a potion of haste
 g - a potion of mutation {unknown}
 h - a potion of flight {unknown}
 j - a potion of agility {unknown}
Books
 b - a book of Conjurations

   Spells                             Type                      Level
   a - Magic Dart                     Conjuration                  1
   b - Searing Ray                    Conjuration                  2
   c - Dazzling Spray                 Conjuration/Hexes            3
   d - Fulminant Prism                Conjuration/Hexes            4
   e - Iskenderun's Mystic Blast      Conjuration                  4
   f - Iskenderun's Battlesphere      Conjuration/Charms           5
Comestibles
 c - a bread ration


   Skills:
 - Level 1.5 Dodging
 - Level 2.4 Stealth
 - Level 8.7 Spellcasting
 + Level 13.4 Conjurations


You had 13 spell levels left.
You knew the following spells:

 Your Spells              Type           Power        Failure   Level  Hunger
a - Magic Dart            Conj           ####         1%          1    None
b - Searing Ray           Conj           ######       1%          2    None
c - Iskenderun's Mystic   Conj           ######..     1%          4    ###....
d - Dazzling Spray        Conj/Hex       ####..       1%          3    #......


Dungeon Overview and Level Annotations

Branches:
Dungeon (1/1)

Altars:
Cheibriados
Dithmenos
Elyvilon
Fedhas
Gozag
Hepliaklqana
Kikubaaqudgha
Makhleb
Nemelex Xobeh
Okawaru
Qazlal
Ru
Sif Muna
Trog
Uskayaw
Vehumet
Xom
Yredelemnul
Zin
The Shining One
Jiyva
Lugonu

Shops:
D =

Annotations:
D Sonja


Innate Abilities, Weirdness & Mutations

You have extremely sharp teeth.
Your natural rate of healing is unusually fast.
When hurt, damage is shared between your health and your magic reserves.
Your bite disrupts and absorbs the magic of your enemies.
Potions and wands cannot restore your health.
You are immune to rotting.


Message History

Aiming: Searing Ray
Press: ? - help, Shift-Dir - straight line, f/p - Sonja
Aim: Sonja, wielding an enchanted blowgun (lightly wounded, blind)
The searing ray hits Sonja.
Sonja is moderately wounded.
You feel sick.
Sonja shoots a curare-tipped needle.
The curare-tipped needle barely misses you.
The searing ray misses Sonja.
You feel sick.
Sonja shoots a curare-tipped needle.
The curare-tipped needle hits you.
You are more poisoned.
You have difficulty breathing.
You feel as though you will be slow longer.
The searing ray misses Sonja.
You feel sick.
Sonja unwields an uncursed enchanted blowgun.
Sonja wields an uncursed short sword of distortion.
Its appearance distorts for a moment.
Sonja hits you with an uncursed short sword of distortion!
Space warps horribly around you!
Ouch! That really hurt!
You die...

######################
#<.#..)..#..'..#__#..+
#..†..#..)..#..'..'..#
#..#####'#####'#__####
#..####..#...#.####
#..#__####..##.#§§§.c
#..#_____##'#..+§≈§§
#⌠⌠#_.∩...÷.(._#§§≈§c#
####_..__##_@#'# +## #
#_____###K#.# #######
#.### $.$ $.$ ##.##
#+#


You could see Sonja (blind).

Vanquished Creatures
  A slime creature (D)
  Sigmund (D)
  A yak (D)
  An ogre (D)
  A jelly (D)
  Ijyb (D)
6 creatures vanquished.

Vanquished Creatures (others)
  A hornet (D)
1 creature vanquished.

Grand Total: 7 creatures vanquished

Notes
Turn   | Place    | Note
-------+----------+-------------------------------------------
     0 | D        | Slime the Vine Stalker Conjurer began the quest for the Orb.
     0 | D        | Reached XP level 1. HP: 9/9 MP: 4/4
     2 | D        | Noticed Ijyb
    10 | D        | Killed Ijyb
    10 | D        | Reached skill level 7 in Conjurations
    10 | D        | Reached XP level 2. HP: 9/13 MP: 0/6
    10 | D        | Reached XP level 3. HP: 11/16 MP: 0/7
    24 | D        | Learned a level 2 spell: Searing Ray
   158 | D        | Noticed an ogre
   166 | D        | Killed an ogre
   166 | D        | Reached skill level 10 in Conjurations
   166 | D        | Gained mutation: Your natural rate of healing is unusually fast. [Vine Stalker growth]
   166 | D        | Reached XP level 4. HP: 10/21 MP: 5/8
   208 | D        | Learned a level 4 spell: Iskenderun's Mystic Blast
   220 | D        | Noticed Sigmund
   230 | D        | Killed Sigmund
   230 | D        | Reached XP level 5. HP: 12/24 MP: 5/17
   230 | D        | Reached XP level 6. HP: 14/28 MP: 5/18
   292 | D        | Learned a level 3 spell: Dazzling Spray
   337 | D        | Found a deep blue altar of Sif Muna.
   345 | D        | Found a radiant altar of Vehumet.
   367 | D        | Found Teabug's Jewellery Emporium.
   367 | D        | Found an ancient bone altar of Kikubaaqudgha.
   367 | D        | Found a hazy altar of Hepliaklqana.
   367 | D        | Found a stormy altar of Qazlal.
   367 | D        | Found a hide-covered altar of Uskayaw.
   367 | D        | Found a blossoming altar of Fedhas.
   367 | D        | Found a bloodstained altar of Trog.
   367 | D        | Found an iron altar of Okawaru.
   367 | D        | Found a basalt altar of Yredelemnul.
   367 | D        | Found a glowing golden altar of the Shining One.
   367 | D        | Found a snail-covered altar of Cheibriados.
   367 | D        | Found a sacrificial altar of Ru.
   367 | D        | Found a glowing silver altar of Zin.
   367 | D        | Found a shadowy altar of Dithmenos.
   367 | D        | Found a white marble altar of Elyvilon.
   367 | D        | Noticed a yak
   374 | D        | Killed a yak
   374 | D        | Reached skill level 12 in Conjurations
   374 | D        | Reached XP level 7. HP: 23/32 MP: 8/20
   463 | D        | Found an opulent altar of Gozag.
   464 | D        | Found a sparkling altar of Nemelex Xobeh.
   476 | D        | Became a worshipper of Sif Muna the Loreminder
   532 | D        | Noticed a centaur warrior
   532 | D        | Noticed a centaur warrior
   538 | D        | Found a burning altar of Makhleb.
   538 | D        | Found a viscous altar of Jiyva.
   538 | D        | Found a shimmering altar of Xom.
   538 | D        | Found a corrupted altar of Lugonu.
   538 | D        | Noticed a slime creature
   547 | D        | Killed a slime creature
   547 | D        | Reached * piety under Sif Muna
   547 | D        | Reached skill level 13 in Conjurations
   638 | D        | Bought an uncursed amulet of magic regeneration for 300 gold pieces
   647 | D        | Noticed Sonja
   651 | D        | Killed a hornet
   651 | D        | Slain by Sonja

Skill      XL: |  1  2  3  4  5  6  7 |
---------------+----------------------+-----
Conjurations   | 7 10 12 13 | 13.4
Spellcasting   | 8 |  8.7
Dodging        | |  1.5
Stealth        | |  2.4

Action                   |  1- 3 |  4- 6 |  7- 9 || total
-------------------------+-------+-------+-------++-------
Melee: Unarmed           |     3 |       |       ||     3
 Cast: Magic Dart        |     6 |     3 |       ||     9
       Searing Ray       |     1 |     6 |     3 ||    10
       Dazzling Spray    |       |       |     1 ||     1
  Use: Potion            |     2 |     1 |       ||     3
Dodge: Dodged            |     5 |     3 |     3 ||    11
